[ AOE2 MATCH · #504580873 ]
UnrankedBurgundians vs Koreans
Player's team · WIN
Rival team · LOSS
[ REPLAY ANALYSIS · EXTRACTED FROM THE RECORDED GAME ]
Feudal
9:54
Castle
22:06
Imperial
39:19
| APM avg | 52.8 |
| APM peak | 116 |
| eAPM avg | 32.5 |
| Villagers / military | 242 / 55 |
Focus
⚔️ 33.2% · 🌾 66.8%
Coustillier ×28 · Battering Ram ×9 · Militia ×5 · Knight ×4 · Trebuchet (Packed) ×4 · Monk ×3
Feudal
11:59
Castle
19:16
Imperial
38:18
| APM avg | 38.7 |
| APM peak | 89 |
| eAPM avg | 23.3 |
| Villagers / military | 189 / 124 |
Focus
⚔️ 27.2% · 🌾 72.8%
Fire Lancer ×115 · Petard ×6 · Trebuchet (Packed) ×2 · War Wagon ×1
Match map
Initial resources + every placement click. Lines = walls · curves = elevation contours. ◆ gold · ⬟ stone · ● berries · ✦ relic · ◌ wall gap
Your base· Open — opponent sealed themselves in
Maverick_Taha's base· ✓ Closed at 19:16 · 34t walls · no gate
Smoothed initial terrain · ◌ = detected wall gap · hover for details
Inputs per minute
— Baldeitus - - Maverick_Taha
Build order — Baldeitus
First 150 of 533 actions detected
| 0:01 | Research | Loom |
| 0:02 | Research | Loom |
| 0:02 | Create | Villager (Male) |
| 0:03 | Build | House |
| 0:03 | Build | House |
| 0:13 | Create | Villager (Male) |
| 0:13 | Create | Villager (Male) |
| 0:13 | Create | Villager (Male) |
| 1:53 | Create | Villager (Male) |
| 1:55 | Create | Villager (Male) |
| 1:55 | Create | Villager (Male) |
| 2:25 | Build | Lumber Camp |
| 2:25 | Create | Villager (Male) |
| 2:42 | Create | Villager (Male) |
| 3:10 | Create | Villager (Male) |
| 3:27 | Build | House |
| 3:36 | Research | Double-Bit Axe |
| 3:39 | Create | Villager (Male) |
| 4:08 | Create | Villager (Male) |
| 4:29 | Create | Villager (Male) |
| 4:45 | Create | Villager (Male) |
| 4:51 | Build | House |
| 5:16 | Create | Villager (Male) |
| 5:37 | Create | Villager (Male) |
| 5:37 | Create | Villager (Male) |
| 6:12 | Build | Barracks |
| 6:16 | Create | Villager (Male) |
| 6:46 | Create | Villager (Male) |
| 7:23 | Build | Mill |
| 7:44 | Research | Feudal Age |
| 7:44 | Research | Feudal Age |
| 7:54 | Create | Militia |
| 7:55 | Create | Militia |
| 7:59 | Build | House |
| 8:16 | Create | Militia |
| 8:16 | Create | Militia |
| 9:04 | Create | Militia |
| 9:08 | Build | Mining Camp |
| 9:54 | Age | Feudal Age |
| 9:57 | Create | Villager (Male) |
| 10:02 | Research | Man-at-Arms (upgrade) |
| 10:02 | Research | Man-at-Arms (upgrade) |
| 10:21 | Build | Watch Tower |
| 10:26 | Create | Villager (Male) |
| 10:31 | Build | House |
| 10:37 | Create | Villager (Male) |
| 10:49 | Create | Villager (Male) |
| 11:00 | Build | Mining Camp |
| 11:01 | Create | Villager (Male) |
| 11:18 | Create | Villager (Male) |
| 11:25 | Build | House |
| 11:37 | Create | Villager (Male) |
| 11:55 | Create | Villager (Male) |
| 12:22 | Create | Villager (Male) |
| 12:28 | Build | Farm |
| 12:30 | Build | Farm |
| 12:47 | Build | Watch Tower |
| 12:50 | Create | Villager (Male) |
| 13:07 | Build | Farm |
| 13:14 | Build | Blacksmith |
| 13:40 | Create | Villager (Male) |
| 13:51 | Create | Villager (Male) |
| 14:00 | Build | Mining Camp |
| 14:05 | Create | Villager (Male) |
| 14:20 | Build | Watch Tower |
| 14:22 | Research | Fletching |
| 14:22 | Research | Fletching |
| 14:22 | Create | Villager (Male) |
| 14:42 | Create | Villager (Male) |
| 14:51 | Build | Farm |
| 15:48 | Create | Villager (Male) |
| 15:50 | Create | Villager (Male) |
| 15:51 | Build | Farm |
| 15:53 | Build | Farm |
| 15:54 | Build | Farm |
| 16:15 | Create | Villager (Male) |
| 16:17 | Build | Farm |
| 16:20 | Create | Villager (Male) |
| 16:21 | Build | House |
| 16:40 | Create | Villager (Male) |
| 16:43 | Build | Market |
| 16:59 | Build | Farm |
| 17:01 | Build | Farm |
| 17:02 | Create | Villager (Male) |
| 17:08 | Build | House |
| 17:09 | Build | House |
| 17:10 | Build | House |
| 17:18 | Build | Palisade Wall |
| 17:19 | Build | Palisade Wall |
| 17:19 | Build | Palisade Wall |
| 17:29 | Create | Villager (Male) |
| 17:33 | Build | Farm |
| 17:35 | Build | Farm |
| 18:06 | Build | House |
| 19:19 | Build | Lumber Camp |
| 19:26 | Research | Castle Age |
| 19:26 | Research | Castle Age |
| 19:44 | Build | Farm |
| 20:22 | Research | Forging |
| 20:22 | Research | Forging |
| 20:30 | Build | Outpost |
| 21:06 | Research | Gold Mining |
| 21:06 | Research | Gold Mining |
| 21:23 | Build | Watch Tower |
| 21:49 | Build | Stable |
| 22:00 | Create | Villager (Male) |
| 22:06 | Age | Castle Age |
| 22:17 | Research | Bodkin Arrow |
| 22:17 | Create | Villager (Male) |
| 22:23 | Build | Siege Workshop |
| 22:46 | Create | Villager (Male) |
| 22:48 | Build | Monastery |
| 22:49 | Create | Knight |
| 22:49 | Create | Knight |
| 23:01 | Create | Villager (Male) |
| 23:06 | Create | Knight |
| 23:35 | Create | Villager (Male) |
| 23:37 | Build | Farm |
| 23:58 | Create | Villager (Male) |
| 23:59 | Build | Farm |
| 24:00 | Create | Knight |
| 24:18 | Create | Villager (Male) |
| 24:23 | Build | Castle |
| 24:26 | Create | Monk |
| 24:27 | Create | Monk |
| 24:38 | Build | Outpost |
| 24:40 | Create | Villager (Male) |
| 24:41 | Research | Bow Saw |
| 24:44 | Create | Villager (Male) |
| 24:49 | Create | Villager (Male) |
| 24:54 | Build | Lumber Camp |
| 25:08 | Build | Mining Camp |
| 25:21 | Create | Villager (Male) |
| 25:25 | Build | Town Center |
| 25:49 | Build | Siege Workshop |
| 26:00 | Create | Villager (Male) |
| 26:01 | Build | Farm |
| 26:21 | Build | Mining Camp |
| 26:25 | Create | Villager (Male) |
| 26:51 | Create | Mangonel |
| 26:52 | Create | Villager (Male) |
| 26:53 | Create | Villager (Male) |
| 26:55 | Create | Villager (Male) |
| 27:22 | Create | Villager (Male) |
| 27:33 | Create | Villager (Male) |
| 27:33 | Create | Villager (Male) |
| 27:33 | Create | Villager (Male) |
| 27:34 | Create | Villager (Male) |
| 27:49 | Create | Villager (Male) |
| 27:49 | Create | Villager (Male) |
Build order — Maverick_Taha
First 150 of 400 actions detected
| 0:01 | Create | Villager (Male) |
| 0:02 | Build | House |
| 0:03 | Build | House |
| 0:05 | Research | Loom |
| 0:25 | Create | Villager (Male) |
| 0:26 | Create | Villager (Male) |
| 0:26 | Create | Villager (Male) |
| 0:26 | Create | Villager (Male) |
| 1:44 | Create | Villager (Male) |
| 1:44 | Create | Villager (Male) |
| 2:00 | Create | Villager (Male) |
| 2:24 | Build | Lumber Camp |
| 2:36 | Create | Villager (Male) |
| 2:37 | Create | Villager (Male) |
| 2:52 | Create | Villager (Male) |
| 2:53 | Create | Villager (Male) |
| 3:40 | Create | Villager (Male) |
| 3:41 | Create | Villager (Male) |
| 4:01 | Create | Villager (Male) |
| 4:02 | Create | Villager (Male) |
| 4:19 | Create | Villager (Male) |
| 4:31 | Build | House |
| 4:46 | Create | Villager (Male) |
| 4:46 | Create | Villager (Male) |
| 4:53 | Build | House |
| 5:10 | Build | Palisade Wall |
| 5:18 | Create | Villager (Male) |
| 5:18 | Create | Villager (Male) |
| 5:49 | Create | Villager (Male) |
| 5:49 | Create | Villager (Male) |
| 5:54 | Create | Villager (Male) |
| 6:05 | Build | Mill |
| 6:51 | Create | Villager (Male) |
| 6:57 | Build | House |
| 7:03 | Build | Palisade Wall |
| 7:05 | Build | Palisade Wall |
| 7:16 | Build | Palisade Wall |
| 7:22 | Build | Palisade Wall |
| 7:23 | Build | Palisade Wall |
| 7:31 | Create | Villager (Male) |
| 8:09 | Build | House |
| 8:11 | Create | Villager (Male) |
| 8:21 | Create | Villager (Male) |
| 8:27 | Build | Barracks |
| 8:29 | Build | Palisade Wall |
| 9:24 | Create | Villager (Male) |
| 9:38 | Build | Mining Camp |
| 9:41 | Research | Feudal Age |
| 10:01 | Build | House |
| 10:50 | Build | Lumber Camp |
| 11:59 | Age | Feudal Age |
| 12:07 | Build | Watch Tower |
| 12:15 | Build | Watch Tower |
| 12:26 | Create | Villager (Male) |
| 12:27 | Create | Villager (Male) |
| 12:46 | Build | House |
| 12:48 | Build | Blacksmith |
| 12:53 | Build | Mining Camp |
| 13:03 | Create | Villager (Male) |
| 13:11 | Build | House |
| 13:39 | Build | House |
| 13:44 | Build | Farm |
| 13:58 | Create | Villager (Male) |
| 14:19 | Create | Villager (Male) |
| 14:25 | Build | House |
| 14:41 | Build | Watch Tower |
| 14:49 | Create | Villager (Male) |
| 15:01 | Build | Market |
| 15:08 | Build | House |
| 15:39 | Create | Villager (Male) |
| 16:29 | Build | Stone Wall |
| 16:36 | Research | Castle Age |
| 16:54 | Build | Stone Wall |
| 17:34 | Research | Fletching |
| 17:35 | Research | Fletching |
| 17:40 | Build | Farm |
| 17:41 | Build | Farm |
| 17:45 | Build | Farm |
| 17:47 | Build | Farm |
| 18:25 | Build | Farm |
| 18:25 | Build | Farm |
| 18:27 | Build | Farm |
| 18:39 | Research | Double-Bit Axe |
| 18:39 | Research | Double-Bit Axe |
| 19:06 | Build | Palisade Wall |
| 19:16 | Age | Castle Age |
| 19:21 | Create | Villager (Male) |
| 19:59 | Create | Villager (Male) |
| 20:13 | Create | Villager (Male) |
| 20:24 | Build | Town Center |
| 20:29 | Create | Villager (Male) |
| 20:30 | Create | Fire Lancer |
| 20:31 | Create | Fire Lancer |
| 20:31 | Create | Fire Lancer |
| 20:37 | Build | Stone Wall |
| 20:38 | Build | Stone Wall |
| 20:52 | Create | Villager (Male) |
| 20:52 | Create | Villager (Male) |
| 21:06 | Build | Farm |
| 21:07 | Build | Farm |
| 21:08 | Build | Farm |
| 21:12 | Build | House |
| 21:14 | Create | Villager (Male) |
| 21:14 | Create | Villager (Male) |
| 21:29 | Create | Fire Lancer |
| 21:35 | Create | Villager (Male) |
| 21:35 | Create | Villager (Male) |
| 21:59 | Build | Watch Tower |
| 22:08 | Create | Villager (Male) |
| 22:10 | Create | Villager (Male) |
| 22:11 | Create | Villager (Male) |
| 22:49 | Research | Bodkin Arrow |
| 22:50 | Research | Bodkin Arrow |
| 22:59 | Create | Villager (Male) |
| 23:00 | Create | Villager (Male) |
| 23:38 | Build | Farm |
| 23:39 | Build | Farm |
| 23:41 | Create | Villager (Male) |
| 23:41 | Create | Villager (Male) |
| 23:48 | Build | Farm |
| 23:55 | Create | Villager (Male) |
| 23:56 | Create | Villager (Male) |
| 24:17 | Build | Lumber Camp |
| 24:20 | Create | Villager (Male) |
| 24:20 | Create | Villager (Male) |
| 24:38 | Build | Farm |
| 24:38 | Build | Farm |
| 24:39 | Build | Farm |
| 24:54 | Research | Wheelbarrow |
| 24:58 | Build | House |
| 25:11 | Build | Castle |
| 25:18 | Create | Villager (Male) |
| 25:18 | Create | Villager (Male) |
| 25:18 | Create | Villager (Male) |
| 25:44 | Create | Fire Lancer |
| 25:44 | Create | Fire Lancer |
| 25:44 | Create | Fire Lancer |
| 25:55 | Create | Villager (Male) |
| 25:55 | Create | Villager (Male) |
| 26:14 | Build | Farm |
| 26:15 | Create | Villager (Male) |
| 26:16 | Create | Villager (Male) |
| 26:22 | Create | Villager (Male) |
| 26:24 | Build | Farm |
| 26:36 | Create | Villager (Male) |
| 26:36 | Create | Villager (Male) |
| 27:01 | Create | Villager (Male) |
| 27:02 | Create | Villager (Male) |
| 27:17 | Create | Fire Lancer |
| 27:17 | Create | Fire Lancer |
Match timeline
| 5:10 | Maverick_Taha · wall_segment Palisade Wall x3 |
| 6:12 | Baldeitus · first_building Barracks |
| 7:03 | Maverick_Taha · wall_segment Palisade Wall x3 |
| 7:05 | Maverick_Taha · wall_segment Palisade Wall x2 |
| 7:16 | Maverick_Taha · wall_segment Palisade Wall x7 |
| 7:22 | Maverick_Taha · wall_segment Palisade Wall x5 |
| 7:23 | Maverick_Taha · wall_segment Palisade Wall x8 |
| 8:27 | Maverick_Taha · first_building Barracks |
| 8:29 | Maverick_Taha · wall_segment Palisade Wall x1 |
| 9:54 | Baldeitus · age_up feudal |
| 11:59 | Maverick_Taha · age_up feudal |
| 15:51 | Maverick_Taha · first_market_buy 100 food |
| 16:29 | Maverick_Taha · wall_segment Stone Wall x4 |
| 16:36 | Maverick_Taha · first_market_sell 100 wood |
| 16:54 | Maverick_Taha · wall_segment Stone Wall x2 |
| 17:18 | Baldeitus · wall_segment Palisade Wall x1 |
| 17:19 | Baldeitus · wall_segment Palisade Wall x1 |
| 17:19 | Baldeitus · wall_segment Palisade Wall x1 |
| 17:52 | Baldeitus · first_market_buy 100 food |
| 18:38 | Baldeitus · first_market_sell 100 wood |
| 19:06 | Maverick_Taha · wall_segment Palisade Wall x1 |
| 19:16 | Maverick_Taha · age_up castle |
| 20:37 | Maverick_Taha · wall_segment Stone Wall x1 |
| 20:38 | Maverick_Taha · wall_segment Stone Wall x1 |
| 21:49 | Baldeitus · first_building Stable |
| 22:06 | Baldeitus · age_up castle |
| 22:23 | Baldeitus · first_building Siege Workshop |
| 22:48 | Baldeitus · first_building Monastery |
| 24:23 | Baldeitus · first_building Castle |
| 25:11 | Maverick_Taha · first_building Castle |
| 35:47 | Maverick_Taha · wall_segment Stone Wall x3 |
| 35:54 | Maverick_Taha · wall_segment Stone Wall x11 |
| 35:55 | Maverick_Taha · wall_segment Stone Wall x5 |
| 36:23 | Maverick_Taha · wall_segment Stone Wall x6 |
| 36:25 | Maverick_Taha · wall_segment Stone Wall x1 |
| 38:18 | Maverick_Taha · age_up imperial |
| 38:52 | Maverick_Taha · wall_segment Stone Wall x1 |
| 39:19 | Baldeitus · age_up imperial |
| 43:23 | Baldeitus · wall_segment Palisade Wall x1 |
| 43:25 | Baldeitus · wall_segment Palisade Wall x1 |
| 43:26 | Baldeitus · wall_segment Palisade Wall x1 |
| 44:36 | Baldeitus · wall_segment Stone Wall x7 |
| 44:40 | Baldeitus · wall_segment Stone Wall x3 |
| 44:41 | Baldeitus · wall_segment Stone Wall x1 |
| 44:42 | Baldeitus · wall_segment Stone Wall x1 |
| 45:30 | Baldeitus · wall_segment Stone Wall x1 |
| 48:11 | Maverick_Taha · wall_segment Stone Wall x1 |
| 48:13 | Maverick_Taha · wall_segment Stone Wall x2 |
| 48:14 | Maverick_Taha · wall_segment Stone Wall x1 |
| 48:36 | Baldeitus · wall_segment Stone Wall x7 |
| 48:44 | Maverick_Taha · resign |
[ AI ANALYSIS · 1 CREDIT ]
What really happened in this match?
Wolo.gg analyzes every decision: build order, eco, micro, common mistakes by bracket. Personalized analysis on WhatsApp or Discord in 30 seconds.
Civ guide
Burgundians
Perfil
Archlord